 Dungeon Sprint DCSS version 0.31-a0-818-ge7c7cf74f0 (webtiles) character file.

Game seed: 8140100945319554137

707 sircluck the Grappler (level 7, -10/81 HPs)
             Began as a Troll Berserker on Sept 23, 2023.
             Was a Believer of Trog.
             Mangled by a polar bear (13 damage)
             ... in the Dungeon (Sprint VII: "The Pits").
             The game lasted 00:00:25 (88 turns).

sircluck the Grappler (Troll Berserker)               Turns: 88, Time: 00:00:26

Health: -10/81     AC:  4    Str: 28    XL:     7   Next: 39%
Magic:  6/6        EV: 12    Int:  3    God:    Trog [**....]
Gold:   0          SH:  0    Dex:  9    Spells: 6/6 levels left

rFire   . .          .
                       - Unarmed
rCold   . . .        (no shield)
rNeg    . . .        a - +0 animal skin
rPois   .            (helmet restricted)
rElec   .            (no cloak)
rCorr   .            (gloves unavailable)
SInv    .            (boots unavailable)
Will    .....        (no amulet)
Stlth   +            (no ring)
HPRegen 1.13/turn    (no ring)
MPRegen 0.10/turn

%: no teleportation
@: on berserk cooldown, slowed, very slow
A: large, unfitting armour, claws 3, regeneration 1, shaggy fur 1, tough skin 1
a: Renounce Religion, Berserk, Trog's Hand


You were in the Dungeon.
You worshipped Trog.
Trog was pleased with you.
You visited 1 branch

Inventory:

Armour
 a - a +0 animal skin (worn)
Scrolls
 g - a scroll of blinking
Potions
 b - a potion of curing
 c - a potion of heal wounds
 d - a potion of haste
 e - 2 potions of magic
 f - a potion of berserk rage


   Skills:
 + Level 8.4 Fighting
 + Level 8.3 Dodging
 + Level 9.9 Unarmed Combat


You had 6 spell levels left.
You didn't know any spells.
Your spell library was empty.

Dungeon Overview and Level Annotations

Branches:
Dungeon (1/1)

Altars:


Innate Abilities, Weirdness & Mutations

You are too large for most types of armour.
You have claws for hands.
Your natural rate of healing is unusually fast.
You are covered in fur. (AC +1)
You have tough skin. (AC +1)


Message History

The polar bear claws you.
You mangle the polar bear!!
The polar bear is severely wounded.
The polar bear goes berserk!
You barely miss the polar bear.
The polar bear is severely wounded.
The polar bear bites you! The polar bear claws you.
The polar bear barely misses you.
The polar bear bites you but does no damage.
The polar bear claws you but does no damage. x2
You barely miss the polar bear.
The polar bear is severely wounded.
The polar bear closely misses you. The polar bear barely misses you.
The polar bear claws you but does no damage.
The polar bear bites you! The polar bear barely misses you. x2
You barely miss the polar bear.
The polar bear is severely wounded.
The polar bear bites you! The polar bear closely misses you.
The polar bear claws you but does no damage.
The polar bear barely misses you. The polar bear claws you.
The polar bear barely misses you.
You scratch the polar bear.
The polar bear is severely wounded.
The polar bear barely misses you. x3; The polar bear bites you!!
* * * LOW HITPOINT WARNING * * *
The polar bear claws you.
* * * LOW HITPOINT WARNING * * *
The polar bear claws you.
* * * LOW HITPOINT WARNING * * *
The polar bear attacks as it pursues you!
The polar bear bites you but does no damage.
The polar bear claws you.
* * * LOW HITPOINT WARNING * * *
The polar bear barely misses you. The polar bear bites you!
* * * LOW HITPOINT WARNING * * *
The polar bear misses you. The polar bear barely misses you.
You claw the polar bear!
The polar bear is almost dead.
The polar bear bites you!
You die...

##########++###### #
#................# .#
#......#..#†.....##..#
#.......†.....@h.''..#
+..........†.....''..#
#......#..#......##.....h
#................# ......
####'#####++###### #####
#.......# #.......#
#.......# #...<...#


You could see a polar bear (berserk).

Vanquished Creatures
  5 yaks (D)
5 creatures vanquished.

Notes
Turn   | Place    | Note
-------+----------+-------------------------------------------
     0 | D        | sircluck the Troll Berserker began the quest for the Orb.
     0 | D        | Reached XP level 1. HP: 22/22 MP: 0/0
    22 | D        | Noticed a yak
    22 | D        | Noticed a polar bear
    48 | D        | Killed a yak
    49 | D        | Reached skill level 5 in Fighting
    49 | D        | Reached skill level 5 in Dodging
    49 | D        | Reached skill level 6 in Unarmed Combat
    49 | D        | Reached XP level 2. HP: 23/35 MP: 1/1
    49 | D        | Reached XP level 3. HP: 28/42 MP: 2/2
    49 | D        | Reached XP level 4. HP: 34/50 MP: 3/3
    49 | D        | Reached XP level 5. HP: 38/57 MP: 4/4
    60 | D        | Noticed a yak
    61 | D        | Noticed a yak
    61 | D        | Noticed a yak
    64 | D        | Noticed a yak
    66 | D        | Killed a yak
    67 | D        | Reached skill level 7 in Unarmed Combat
    67 | D        | Reached XP level 6. HP: 68/68 MP: 5/5
    69 | D        | Killed a yak
    69 | D        | Reached ** piety under Trog
    70 | D        | Reached skill level 8 in Unarmed Combat
    71 | D        | Killed a yak
    72 | D        | Reached skill level 9 in Unarmed Combat
    72 | D        | Reached XP level 7. HP: 79/79 MP: 6/6
    74 | D        | Killed a yak
    87 | D        | HP: 1/81 [polar bear (11)]
    88 | D        | Mangled by a polar bear

Illustrated notes

Levels and vault maps discovered:
D:        pitsprint [storerooms_1, entrance_room_1, metal_vault_3, armoury_1,
          mini_pit_1, grid_room_1, main_hall_1, silver_pit, the_coven_3,
          the_vestibule_1, steel_vault_1, golden_pit, hallway_of_sentries,
          crystal_vault_6, iron_vault_2, final_vault]

Skill      XL: |  1  2  3  4  5  6  7 |
---------------+----------------------+-----
Fighting       | 5 6 7 8 |  8.4
Dodging        | 5 6 7 8 |  8.3
Unarmed Combat | 6 7 9 |  9.9

Action                     |  1- 3 |  4- 6 |  7- 9 || total
---------------------------+-------+-------+-------++-------
  Melee: Unarmed           |    10 |     7 |     9 ||    26
 Invoke: Berserk           |       |     1 |       ||     1
 Armour: Animal skin       |     4 |     4 |    21 ||    29
  Dodge: Dodged            |     5 |     5 |    17 ||    27

Table legend: (Time is in decaauts)
 A = Elapsed time spent in this place.
 B = Non-inter-level travel time spent in this place.
 C = Inter-level travel time spent in this place.
 D = Time resting spent in this place.
 E = Time spent auto-exploring this place.
 F = Levels seen in this place.
 G = Mean time per level.
                   A        B        C        D        E       F      G
               +--------+--------+--------+--------+--------+-----+--------+
         Total |     85 |     85 |      0 |     12 |      0 |   1 |   85.0 |
       Dungeon |     85 |     85 |      0 |     12 |      0 |   1 |   85.0 |
               +--------+--------+--------+--------+--------+-----+--------+

Top non-repeatable levels by time:
       D: 85 daAuts
